 Dungeon Crawl Stone Soup version 0.31.0-11-ge490571c62 (webtiles) character file.

Game seed: 3097172144032865621

98 mopl the Slasher (level 4, -2/37 HPs)
             Began as a Merfolk Fighter on Jan 31, 2024.
             Slain by Terence
             ... wielding a +0 falchion
              (5 damage)
             ... on level 2 of the Dungeon.
             The game lasted 00:01:33 (1399 turns).

mopl the Slasher (Merfolk Fighter)                  Turns: 1399, Time: 00:01:34

Health: -2/37      AC:  9    Str: 18    XL:     4   Next: 69%
Magic:  4/4        EV: 11    Int:  7    God:
Gold:   50         SH:  4    Dex: 13    Spells: 3/3 levels left

rFire   . . .        a - +0 long sword
rCold   . . .        c - +0 buckler
rNeg    . . .        e - +3 leather armour
rPois   .            l - +2 helmet
rElec   .            (no cloak)
rCorr   .            (no gloves)
SInv    .            (no boots)
Will    .....        (no amulet)
Stlth   +            m - ring of flight
HPRegen 0.26/turn    (no ring)
MPRegen 0.09/turn

%: no passive effects
@: flying
A: (nimble swimmer 2), mertail
a: no special abilities


You were on level 2 of the Dungeon.
You visited 1 branch of the dungeon, and saw 4 of its levels.

You collected 50 gold pieces.

Inventory:

Hand Weapons
 a - a +0 long sword (weapon)
Missiles
 g - 4 boomerangs (quivered)
 n - 2 atropa-tipped darts
Armour
 c - a +0 buckler (worn)
 e - a +3 leather armour (worn)
 l - a +2 helmet (worn)
 o - a +0 plate armour
Jewellery
 m - a ring of flight (left hand)
Scrolls
 b - a scroll of silence {unknown}
 h - 3 scrolls of identify {unknown}
 i - a scroll of enchant armour {unknown}
 k - 3 scrolls of fog {unknown}
 p - a scroll of butterflies {unknown}
 q - a scroll of noise {unknown}
 r - a scroll of revelation {unknown}
 s - a scroll of immolation {unknown}
Potions
 d - a potion of might
 f - 2 potions of invisibility {unknown}
 j - a potion of lignification {unknown}


   Skills:
 + Level 3.9 Fighting
 * Level 4.0 Long Blades
 + Level 2.6 Armour
 + Level 2.2 Dodging
 - Level 3.0 Shields


You had 3 spell levels left.
You didn't know any spells.
Your spell library was empty.

Dungeon Overview and Level Annotations

Branches:
Dungeon (4/15)
 Temple: D:4-7

Altars:

Shops:
D:2 :

Annotations:
D:2 Terence


Innate Abilities, Weirdness & Mutations

((You are very nimble when in or above water. (Stealth+, EV+, Speed+++)))
Your lower body shifts to a powerful aquatic tail in water.


Message History

You are too injured to fight recklessly!
You are too injured to fight recklessly!
You are too injured to fight recklessly!
You are too injured to fight recklessly!
You are too injured to fight recklessly!
You are too injured to fight recklessly!
You are too injured to fight recklessly!
Terence attacks as he pursues you! Terence hits you but does no damage.
The kobold attacks as it pursues you! The kobold closely misses you.
The kobold attacks as it pursues you! The kobold misses you.
Terence attacks as he pursues you! Terence completely misses you.
Terence hits you with a +0 falchion.
You hit Terence.
Terence is almost dead.
Terence shouts, "Get ready for death!"
Terence hits you with a +0 falchion.
You completely miss Terence.
Terence is almost dead.
Terence hits you but does no damage.
You hit Terence but do no damage.
Terence is almost dead.
Terence hits you with a +0 falchion.
* * * LOW HITPOINT WARNING * * *
You closely miss Terence.
Terence is almost dead.
Terence hits you with a +0 falchion.
* * * LOW HITPOINT WARNING * * *
Terence misses you.
You hit Terence.
Terence is almost dead.
Terence hits you with a +0 falchion.
* * * LOW HITPOINT WARNING * * *
You closely miss Terence.
Terence is almost dead.
You block Terence's attack.
You barely miss Terence.
Terence is almost dead.
Terence hits you with a +0 falchion.
You die...
Terence says, "That felt goooood."

##.#....####.#.# .#
#...........#.# .# # #
###>..(.....#.###)###.#
#....###.#...........
###.###............#.#
#.# #.#........# #.
##.## #.........## #
#...###.##..#....###
#...@@K.##.###....#.#
#...#######. ###..#.
##### >. ###.##.
.......... ##########


You could see Terence and a kobold.

Vanquished Creatures
  6 adders
  A ribbon worm (D:2)
  3 dart slugs
  4 bats
  2 endoplasms (D:1)
  A goblin (D:1)
  6 hobgoblins
  5 jackals
  A kobold (D:2)
  3 ball pythons
  A frilled lizard (D:1)
  4 rats
37 creatures vanquished.

Notes
Turn   | Place    | Note
-------+----------+-------------------------------------------
     0 | D:1      | mopl the Merfolk Fighter began the quest for the Orb.
     0 | D:1      | Reached XP level 1. HP: 18/18 MP: 1/1
   203 | D:1      | Reached XP level 2. HP: 24/24 MP: 2/2
   316 | D:1      | Reached skill level 1 in Dodging
   356 | D:1      | Reached skill level 3 in Long Blades
   656 | D:1      | Reached XP level 3. HP: 29/29 MP: 3/3
   962 | D:2      | Found Wiapuun's Book Boutique.
  1086 | D:2      | Reached XP level 4. HP: 32/37 MP: 4/4
  1260 | D:2      | You are sucked into a shaft and drop 2 floors!
  1294 | D:4      | Reached skill level 4 in Long Blades
  1374 | D:2      | Noticed Terence
  1399 | D:2      | Slain by Terence

Illustrated notes

Levels and vault maps discovered:
D:1:      lemuel_arrival_river_passageway, layout_loops_cross,
          hangedman_feature_mirror, supply_closet_lemuel
D:2:      layout_loops_ring, serial_shops, nicolae_shop_statue_plus,
          grunt_ministairs_10, uniq_terence
D:3:      layout_basic
D:4:      layout_gridville, nicolae_shop_unique_rings, uniq_natasha

Skill      XL: |  1  2  3  4 |
---------------+-------------+-----
Dodging        | 1 2 |  2.2
Long Blades    | 3 4 |  4.0
Fighting       | |  3.9
Armour         | |  2.6
Shields        | |  3.0

Action                     |  1- 3 |  4- 6 || total
---------------------------+-------+-------++-------
  Melee: Long sword        |    98 |    62 ||   160
   Stab: Sleeping          |     2 |     1 ||     3
 Armour: Leather armour    |    59 |    47 ||   106
  Dodge: Dodged            |    60 |    59 ||   119
  Block: Buckler           |    25 |    20 ||    45
